 Dungeon Crawl Stone Soup version 0.16.0-8-gd9ae3a8 (webtiles) character file.

3472 Fluffy the Cleaver (level 10, -3/88 HPs)
             Began as a Hill Orc Gladiator on Mar 16, 2015.
             Was a Believer of Qazlal.
             Slain by a red ugly thing (19 damage)
             ... on level 8 of the Dungeon.
             The game lasted 00:22:00 (7201 turns).

Fluffy the Cleaver (Hill Orc Gladiator)             Turns: 7201, Time: 00:22:01

Health: -3/88      AC: 17    Str: 22    XL:     10   Next: 6%
Magic:  10/10      EV:  9    Int:  8    God:    Qazlal [**....]
Gold:   275        SH:  2    Dex: 11    Spells: 0 memorised, 9 levels left

rFire  . . .     SeeInvis .     a - +1 war axe
rCold  + . .     Clarity  +     G - +2 chain mail {MR+}
rNeg   + . .     SustAb   .     (no shield)
rPois  .         Gourm    .     c - +0 helmet
rElec  .         Spirit   .     (no cloak)
rCorr  .         Warding  .     e - +1 pair of gloves
rMut   .         Stasis   .     m - +0 pair of boots
MR     +....                    s - amulet of clarity
Stlth  ..........               F - ring of positive energy
                                u - ring of protection from cold

@: somewhat resistant to hostile enchantments, extremely unstealthy
A: no striking features
a: Upheaval, Renounce Religion


You were on level 8 of the Dungeon.
You worshipped Qazlal.
Qazlal was pleased with you.
You were not hungry.

You visited 2 branches of the dungeon, and saw 9 of its levels.

You collected 275 gold pieces.

Inventory:

Hand weapons
 a - a +1 war axe (weapon)
Missiles
 d - 3 throwing nets
 o - 2 tomahawks (quivered)
Armour
 c - a +0 helmet (worn)
 e - a +1 pair of gloves (worn)
 m - a +0 pair of boots (worn)
 G - a +2 chain mail of magic resistance (worn)
Jewellery
 s - an amulet of clarity (around neck)
 u - a ring of protection from cold (left hand)
 A - an uncursed amulet of stasis
 F - a ring of positive energy (right hand)
Magical devices
 p - a wand of digging (12)
 B - a wand of frost (28)
Scrolls
 j - a scroll of immolation
 l - 2 scrolls of magic mapping
 n - 3 scrolls of enchant weapon
 y - a scroll of remove curse
 C - 5 scrolls of teleportation
 I - 2 scrolls of blinking {unknown}
Potions
 g - 4 potions of heal wounds
 h - a potion of mutation
 q - 3 potions of might {unknown}
 r - 2 potions of degeneration {unknown}
 t - a potion of haste {unknown}
 w - a potion of berserk rage {unknown}
 x - 2 potions of invisibility
 z - 2 potions of cancellation {unknown}
 E - 2 potions of curing {unknown}
 H - a potion of restore abilities {unknown}
Books
 k - a book of Transfigurations

   Spells                             Type                      Level
   a - Stoneskin                      Transmutation/Earth          2
   b - Irradiate                      Conjuration/Transmutation    5
   c - Statue Form                    Transmutation/Earth          6
   d - Hydra Form                     Transmutation                6
   e - Dragon Form                    Transmutation                7
Comestibles
 b - 2 beef jerkies
 f - 3 meat rations
 i - 6 bread rations
 v - 2 slices of pizza
 D - 2 fruits


   Skills:
 + Level 8.1 Fighting
 + Level 13.8 Axes
 - Level 2.0 Throwing
 + Level 6.8 Armour
 - Level 2.4 Dodging


You had 9 spell levels left.
You didn't know any spells.

Dungeon Overview and Level Annotations

Branches:
Dungeon (8/15)             Temple (1/1) D:5
   Lair: D:8-11

Altars:
Ashenzari
Cheibriados
Dithmenos
Elyvilon
Fedhas
Gozag
Kikubaaqudgha
Makhleb
Nemelex Xobeh
Okawaru
Qazlal
Ru
Sif Muna
Trog
Vehumet
Xom
Zin

Annotations:
D:7 exclusion: oklob plant


Message History

The red ugly thing is moderately wounded.
The red ugly thing pecks you!
You are engulfed in flames!!
* * * LOW HITPOINT WARNING * * *
You barely miss the red ugly thing.
The red ugly thing is moderately wounded.
You hit the red ugly thing but do no damage.
The red ugly thing is moderately wounded.
You block the red ugly thing's attack.
You closely miss the red ugly thing.
The red ugly thing is moderately wounded.
The red ugly thing pecks you but does no damage.
You closely miss the red ugly thing.
The red ugly thing is moderately wounded.
The red ugly thing pecks you but does no damage.
You hit the red ugly thing.
The red ugly thing is moderately wounded.
The red ugly thing pecks you!
* * * LOW HITPOINT WARNING * * *
You are engulfed in flames!!
You die...

####..###.#.##########.#
#.....###...............
####....................
# #.........##########
#.........##
#..#.......##
##..###......## #..##
###.....## ##..#
#....ยง@# #...#
#..##..u...# ##...#
#..###....## #....# #..#
##..## .....# #..# ...#
.....# #..# .#..#
###....# #..# ####. #
###.... #... ##.


You could see a red ugly thing.

Vanquished Creatures
  Eustachio (D:7)
  A wyvern (D:8)
  A hungry ghost (D:7)
  3 ogres
  A phantom (D:7)
  An orc warrior (D:7)
  An ice beast (D:7)
  3 centaurs
  Sigmund (D:4)
  2 giant frogs
  A gnoll sergeant (D:4)
  A crocodile (D:8)
  A water moccasin zombie (D:6)
  A wyvern skeleton (D:8)
  A scorpion (D:5)
  3 crimson imps (D:6)
  2 gnoll shamans (D:4)
  A goliath beetle (D:6)
  5 hounds
  10 jellies
  A giant frog skeleton (D:5)
  3 orc priests
  9 orc wizards
  A killer bee zombie (D:6)
  3 worker ants
  7 adders
  40 gnolls
  A shadow imp (D:8)
  3 worms
  An adder skeleton (D:5)
  An adder zombie (D:5)
  13 oozes
  18 orcs
  3 ball pythons
  12 bats
  8 giant cockroaches
  12 hobgoblins
  19 jackals
  6 quokkas
  5 giant newts
  7 goblins
  14 kobolds
  2 quokka skeletons (D:4)
  17 rats
  2 ballistomycetes (D:6)
249 creatures vanquished.

Vanquished Creatures (others)
  A worker ant (D:6)
  2 giant spores
  A kobold (D:6)
  5 fungi (D:7)
9 creatures vanquished.

Grand Total: 258 creatures vanquished

Notes
Turn   | Place    | Note
--------------------------------------------------------------
     0 | D:1      | Fluffy, the Hill Orc Gladiator, began the quest for the Orb.
     0 | D:1      | Reached XP level 1. HP: 18/18 MP: 1/1
   294 | D:1      | Reached XP level 2. HP: 25/25 MP: 2/2
   398 | D:1      | Reached skill level 5 in Axes
   486 | D:1      | Reached XP level 3. HP: 28/30 MP: 3/3
  1318 | D:3      | Reached skill level 6 in Axes
  1405 | D:3      | Reached XP level 4. HP: 37/37 MP: 4/4
  1756 | D:3      | Reached skill level 7 in Axes
  1756 | D:3      | Reached XP level 5. HP: 38/42 MP: 5/5
  1873 | D:3      | Found an opulent altar of Gozag.
  1874 | D:3      | Found a glowing silver altar of Zin.
  1928 | D:4      | Reached skill level 8 in Axes
  2074 | D:4      | Reached XP level 6. HP: 21/50 MP: 6/6
  2227 | D:4      | Reached skill level 9 in Axes
  2936 | D:4      | Reached skill level 10 in Axes
  2936 | D:4      | Reached XP level 7. HP: 50/56 MP: 7/7
  2988 | D:4      | Noticed Sigmund
  2996 | D:4      | Killed Sigmund
  3035 | D:4      | Reached skill level 11 in Axes
  3347 | D:4      | Reached XP level 8. HP: 62/62 MP: 8/8
  3556 | D:5      | Entered Level 5 of the Dungeon
  3697 | D:5      | Found a staircase to the Ecumenical Temple.
  3720 | D:5      | Reached skill level 1 in Armour
  3868 | D:5      | Found a burning altar of Makhleb.
  3980 | D:5      | Reached skill level 12 in Axes
  4932 | D:6      | Found an ancient bone altar of Kikubaaqudgha.
  5219 | Temple   | Entered the Ecumenical Temple
  5412 | D:6      | Reached skill level 5 in Fighting
  5519 | D:6      | Found a stormy altar of Qazlal.
  5536 | D:6      | Became a worshipper of Qazlal Stormbringer
  5556 | D:6      | Reached XP level 9. HP: 68/74 MP: 9/9
  5646 | D:6      | Found a shadowy altar of Dithmenos.
  6193 | D:7      | Reached skill level 13 in Axes
  6243 | D:7      | Reached skill level 5 in Armour
  6312 | D:7      | Noticed an oklob plant
  6352 | D:7      | Acquired Qazlal's first power
  6523 | D:7      | Noticed Eustachio
  6594 | D:7      | Killed Eustachio
  6864 | D:8      | Reached XP level 10. HP: 76/88 MP: 10/10
  6866 | D:8      | Acquired Qazlal's second power
  7092 | D:8      | Found a sacrificial altar of Ru.
  7188 | D:8      | Noticed a red ugly thing
  7201 | D:8      | Slain by a red ugly thing

Action                   |  1- 3 |  4- 6 |  7- 9 | 10-12 || total
-------------------------+-------+-------+-------+-------++-------
Melee: War axe           |   117 |   164 |   348 |    37 ||   666
Evoke: Wand              |       |       |     1 |       ||     1
  Use: Scroll            |       |     7 |     9 |       ||    16
  Eat: Chunk             |     2 |     5 |    13 |     2 ||    22
